AoeStats
← [Massa] Edo

Highland

504654574Analyzed
2v2 RM · 26d ago on Sep 6, 2026· 44m 22s· 4 players
Game mode
Random Map
Map size
Medium (4 player)
Population
200
Speed
Normal
Resources
Standard
Victory
Conquest
Starting age
Dark Age
Ending age
Imperial Age
RankedLock teamsTeams togetherTeam positionsShared explorationLock speedFull tech treeHidden civsTurbo modeCheats
Victory
Defeat
🇯🇵 Britons · Japan
1409
+19
🇧🇷 Sicilians · Brazil
1385
+20
🇧🇷 Britons · Brazil
1504
-20
🇧🇷 Persians · Brazil
1453
-19
enricodias
8:27 Loom
10:22 Feudal Age
14:51 Castle Age
14:51 Double-Bit Axe
22:02 Scale Mail Armor
25:12 Town Watch
26:04 Wheelbarrow
27:55 Chain Mail Armor
27:51 Forging
28:33 Stone Mining
29:08 Pikeman
29:46 Fletching
33:31 Iron Casting
34:43 First Crusade
37:47 Imperial Age
36:27 Hand Cart
38:42 Ballistics
38:38 Masonry
37:54 Elite Serjeant
38:55 Conscription
39:07 Plate Mail Armor
39:38 Blast Furnace
38:35 Bodkin Arrow
39:51 Arrowslits
44:02 Hoardings
43:25 Horse Collar
43:47 Bracer
44:49 Chemistry
ken4403
6:43 Loom
9:34 Feudal Age
10:43 Double-Bit Axe
16:28 Fletching
18:04 Padded Archer Armor
23:19 Castle Age
21:12 Horse Collar
21:25 Gold Mining
23:34 Crossbowman
24:10 Bodkin Arrow
24:26 Bow Saw
28:09 Wheelbarrow
30:14 Town Watch
36:19 Imperial Age
36:28 Hand Cart
37:45 Bracer
39:35 Chemistry
38:52 Leather Archer Armor
39:18 Ballistics
38:35 Pikeman
39:57 Arbalester
41:26 Conscription
44:22 Ring Archer Armor
[Massa] Edo
8:47 Feudal Age
8:00 Loom
9:45 Double-Bit Axe
15:49 Fletching
16:29 Padded Archer Armor
17:40 Horse Collar
29:10 Castle Age
27:31 Gold Mining
29:09 Stone Mining
29:11 Crossbowman
29:47 Bodkin Arrow
30:13 Bow Saw
31:03 Leather Archer Armor
35:50 Ballistics
35:26 Murder Holes
36:15 Wheelbarrow
42:17 Imperial Age
42:26 Arbalester
43:36 Bracer
44:13 Ring Archer Armor
43:37 Elite Skirmisher
tg
5:35 Loom
8:05 Feudal Age
9:57 Double-Bit Axe
9:54 Horse Collar
17:51 Fletching
20:36 Wheelbarrow
20:33 Forging
22:03 Scale Barding Armor
22:09 Bloodlines
25:56 Castle Age
25:53 Gold Mining
26:59 Chain Barding Armor
26:40 Husbandry
27:03 Heavy Plow
31:11 Bow Saw
37:46 Imperial Age
38:43 Plate Barding Armor
37:29 Cavalier
38:16 Light Cavalry
Connection lost

Rejoining the realm…

Still unreachable

The connection could not be restored.

Session expired

The server has moved on; the page needs a fresh start.